 Dungeon Crawl Stone Soup version 0.24.0-125-gc4c63601f3 (webtiles) character file.

Game seed: 13223392934723710373, levelgen mode: deterministic

3406 nightchill the Tainter (level 10, -3/54 HPs)
             Began as a Gargoyle Venom Mage on Mar 15, 2020.
             Was a Follower of Hepliaklqana.
             Slain by an ogre
             ... wielding a +0 giant club
              (8 damage)
             ... on level 8 of the Dungeon.
             The game lasted 00:31:39 (9996 turns).

nightchill the Tainter (Gargoyle Venom Mage)        Turns: 9996, Time: 00:31:40

Health: -3/54      AC: 11    Str: 14    XL:     10   Next: 4%
Magic:  8/13       EV: 12    Int: 17    God:    Hepliaklqana [*.....]
Gold:   436        SH:  0    Dex: 10    Spells: 8/13 levels left

rFire    . . .     SeeInvis .   v - +2 morningstar (drain)
rCold    . . .     Gourm    .   (no shield)
rNeg     + . .     Faith    .   k - +0 robe
rPois    ∞         Spirit   .   F - -2 helmet (curse)
rElec    +         Reflect  .   (no cloak)
rCorr    .         Harm     .   f - +2 pair of gloves
MR       .....                  (no boots)
Stlth    +.........             (no amulet)
HPRegen  0.18/turn              (no ring)
MPRegen  0.13/turn              (no ring)

@: very slow
A: reduced essence, negative energy resistance 1, electricity resistance,
unbreathing, petrification resistance, rot immunity, AC +7
a: Recall Ancestor, Ancestor Identity, Renounce Religion


You were on level 8 of the Dungeon.
You worshipped Hepliaklqana.
Hepliaklqana was aware of your devotion.
You were very hungry.

You visited 2 branches of the dungeon, and saw 9 of its levels.

You collected 436 gold pieces.

Inventory:

Hand Weapons
 a - a +0 whip
 b - a +0 hunting sling
 o - a +0 short sword
 v - a +2 morningstar of draining (weapon)
 G - a +2 flail of holy wrath
Missiles
 l - 227 stones (quivered)
 s - 72 sling bullets
 x - 161 arrows
Armour
 f - a +2 pair of gloves (worn)
 k - a +0 robe (worn)
 y - a +2 chain mail of cold resistance
 D - the +5 ring mail of Daodwud {rPois Slay+3 Stlth+}
   (You found it on level 7 of the Dungeon)

   It affects your accuracy and damage with ranged weapons and melee attacks
   (+3).
   It protects you from poison.
   It makes you more stealthy.
 F - a cursed -2 helmet (worn)
Jewellery
 g - an uncursed ring of wizardry {unknown}
 I - an uncursed ring of protection from magic {unknown}
 J - an uncursed ring of positive energy {unknown}
Wands
 p - a wand of flame (28)
 E - a wand of iceblast (10)
 K - a wand of paralysis (20)
Scrolls
 h - 5 scrolls of teleportation
 t - 3 scrolls of remove curse
 u - a scroll of amnesia {unknown}
 z - a scroll of enchant weapon {unknown}
 A - a scroll of noise {unknown}
 B - 2 scrolls of magic mapping
 H - a scroll of enchant armour {unknown}
Potions
 d - 2 potions of degeneration
 j - a potion of flight
 m - 2 potions of curing
 n - 3 potions of brilliance
 q - 2 potions of mutation
 r - 3 potions of heal wounds
 w - 3 potions of cancellation
 C - 3 potions of lignification
Comestibles
 c - 5 rations
 i - 4 chunks of flesh


   Skills:
 + Level 6.7 Fighting
 * Level 8.4 Maces & Flails
 - Level 1.5 Dodging
 - Level 2.1 Stealth
 - Level 2.0 Spellcasting
 - Level 1.1 Conjurations
 * Level 9.6 Poison Magic


You had 8 spell levels left.
You knew the following spells:

 Your Spells              Type           Power        Failure   Level  Hunger
a - Sting                 Conj/Pois      ###.         2%          1    #......
b - Olgreb's Toxic Radia  Pois           ####....     3%          4    #####..

Your spell library contained the following spells:

 Spells                   Type           Power        Failure   Level  Hunger
 Poisonous Vapours        Pois/Air       ###...       4%          2    ###....
 Mephitic Cloud           Conj/Pois/Air  ##......     14%         3    ###....
 Venom Bolt               Conj/Pois      ###.......   52%         5    ######.


Dungeon Overview and Level Annotations

Branches:
Dungeon (8/15)             Temple (1/1) D:5
   Lair: D:8-11

Altars:
Ashenzari
Cheibriados
Dithmenos
Elyvilon
Fedhas
Gozag
Hepliaklqana
Kikubaaqudgha
Qazlal
Ru
Sif Muna
Trog
Uskayaw
Vehumet
Wu Jian
Xom
Yredelemnul
Zin
The Shining One

Annotations:
D:4 exclusion: downstairs
D:5 3 runed translucent doors, hurston's ghost, novice GrFi


Innate Abilities, Weirdness & Mutations

You are resistant to torment.
Your stone body is resilient. (AC +7)
You are immune to poison.
You resist negative energy. (rN+)
You are resistant to electric shocks. (rElec)
You can survive without breathing.
You are immune to petrification.
You are immune to rotting.
Your life essence is reduced to manifest your ancestor. (-10% HP)


Message History

Confirm with . or Enter, or press ? or * to list all spells.
Aiming: Sting (safe; 2% risk of failure)
Press: ? - help, Shift-Dir - straight line, f - ogre
Aim: an ogre, wielding a +0 giant club The sting hits the ogre.
The ogre is moderately wounded.
Your magical contamination has completely faded away.
Casting: Sting (safe; 2% risk of failure)
Confirm with . or Enter, or press ? or * to list all spells.
Aiming: Sting (safe; 2% risk of failure)
Press: ? - help, Shift-Dir - straight line, f/p - ogre
Aim: an ogre, wielding a +0 giant club (lightly wounded)
The sting hits the ogre.
The ogre is moderately wounded.
You enter the shallow water.
Moving in this stuff is going to be slow.
The ogre hits you with a +0 giant club!!
* * * LOW HITPOINT WARNING * * *
The ogre hits you with a +0 giant club!
You die...

#....... #.......
###########......#
#.................
####.###...>....#....
#...............##...
##...............####.
#....≈≈≈...####..# #
#..≈≈@≈≈≈.....#).#
#..≈≈≈O≈≈.....#.##
#...≈≈≈≈≈..##+#.#
#.)≈≈≈≈≈........#
#..≈............ #
#..............# ####
#.....#..##....# ....
#.....#...#....# ..
#.........#....# ###


You could see an ogre.

Vanquished Creatures
  A floating eye (D:7)
  A sky beast (D:6)
  4 orc warriors
  A phantom (D:7)
  2 ogres (D:6)
  3 wolves (D:8)
  5 centaurs
  2 bullfrogs
  A wyvern zombie (D:8)
  3 killer bees (D:8)
  2 electric eels (D:8)
  A bullfrog zombie (D:7)
  8 crimson imps
  A hound (D:4)
  3 orc priests
  A jelly (D:7)
  Ijyb (D:4)
  A worker ant (D:8)
  2 iguanas
  3 orc wizards
  A centaur simulacrum (D:8)
  A howler monkey zombie (D:5)
  6 adders
  A shadow imp (D:8)
  An ufetubus (D:8)
  2 oozes
  3 worms
  A dart slug (D:3)
  6 leopard geckos
  32 orcs
  3 giant cockroaches
  5 goblins
  7 hobgoblins
  8 jackals
  A quokka (D:2)
  A ball python (D:4)
  6 bats
  5 frilled lizards
  A jackal zombie (D:5)
  7 kobolds
  A leopard gecko skeleton (D:5)
  3 rats
148 creatures vanquished.

Vanquished Creatures (collateral kills)
  An ogre (D:6)
  3 centaurs (D:6)
  3 killer bees (D:8)
  A crimson imp (D:8)
  3 hounds
  A wyvern simulacrum (D:8)
  An orc priest (D:6)
  A worker ant (D:8)
  6 orcs
  2 jackals (D:7)
22 creatures vanquished.

Vanquished Creatures (others)
  5 ancestors
5 creatures vanquished.

Grand Total: 175 creatures vanquished

Notes
Turn   | Place    | Note
-------+----------+-------------------------------------------
     0 | D:1      | nightchill the Gargoyle Venom Mage began the quest for the
                  | Orb.
     0 | D:1      | Reached XP level 1. HP: 10/10 MP: 3/3
   494 | D:1      | Reached XP level 2. HP: 10/16 MP: 1/5
   537 | D:1      | Reached skill level 1 in Fighting
  1465 | D:2      | Reached XP level 3. HP: 7/20 MP: 3/6
  1724 | D:2      | Reached skill level 4 in Poison Magic
  2158 | D:2      | Reached XP level 4. HP: 24/26 MP: 3/7
  2203 | D:2      | Learned a level 4 spell: Olgreb's Toxic Radiance
  2872 | D:3      | Reached skill level 1 in Maces & Flails
  2960 | D:3      | Found a bloodstained altar of Trog.
  3110 | D:3      | Reached XP level 5. HP: 31/31 MP: 4/8
  3383 | D:3      | Reached skill level 5 in Poison Magic
  3669 | D:4      | Noticed Ijyb
  3680 | D:4      | Killed Ijyb
  3680 | D:4      | Reached XP level 6. HP: 22/36 MP: 1/9
  4125 | D:4      | Found a shimmering altar of Xom.
  4307 | D:4      | Reached XP level 7. HP: 41/41 MP: 10/10
  4528 | D:5      | Entered Level 5 of the Dungeon
  4938 | D:5      | Reached skill level 6 in Poison Magic
  5196 | D:5      | Found a staircase to the Ecumenical Temple.
  5226 | Temple   | Entered the Ecumenical Temple
  5272 | Temple   | Became a worshipper of Hepliaklqana the Forgotten
  5632 | D:5      | Found a runed translucent gate.
  5632 | D:5      | Found a runed translucent gate.
  5633 | D:5      | Found a runed translucent gate.
  5633 | D:5      | Noticed hurston's ghost (novice GrFi)
  6447 | D:6      | Reached XP level 8. HP: 43/43 MP: 11/11
  6457 | D:6      | Reached skill level 5 in Maces & Flails
  6580 | D:6      | Reached skill level 7 in Poison Magic
  7177 | D:6      | Found an ornate altar of the Wu Jian Council.
  7304 | D:6      | Reached skill level 5 in Fighting
  7707 | D:6      | Reached * piety under Hepliaklqana
  7917 | D:7      | Reached XP level 9. HP: 48/48 MP: 12/12
  7966 | D:7      | Reached skill level 8 in Poison Magic
  8016 | D:7      | Noticed Harold
  8055 | D:7      | Noticed Harold
  8055 | D:7      | Harold changed into Harold the floating eye
  8056 | D:7      | Killed Harold the floating eye
  8347 | D:7      | Got a shimmering ring mail
  8903 | D:8      | Identified the +5 ring mail of Daodwud {rPois Slay+3
                  | Stlth+} (You found it on level 7 of the Dungeon)
  9223 | D:8      | Reached skill level 9 in Poison Magic
  9961 | D:8      | Reached XP level 10. HP: 28/54 MP: 5/13
  9996 | D:8      | Slain by an ogre

Levels and vault maps discovered:
D:1:      lightli_arrival_noodles, layout_basic
D:2:      layout_rooms
D:3:      layout_rooms, trog_book
D:4:      layout_rooms, first_ration, led_xom_imps, uniq_ijyb
D:5:      layout_loops_ring, minmay_temple_entry_grid,
          gammafunk_ghost_nasty_kobolds
D:6:      layout_gridville, kennysheep_mini
D:7:      layout_loops_cross, uniq_harold
D:8:      layout_gridville, special_room [special_room_orc], serial_ice,
          serial_ice_f, serial_ice_g, serial_ice_o, serial_ice_i,
          blue_anna_alchemist [blue_anna_fruit_fields, blue_anna_fruit_fields],
          chequers_serial_rivers_room_b, makhleb_blood_cavern_becter, uniq_grum,
          uniq_prince_ribbit1
Temple:   compressed_dpeg_circular_temple

Skill      XL: |  1  2  3  4  5  6  7  8  9 |
---------------+----------------------------+-----
Fighting       | 1 2 3 4 5 6 |  6.7
Poison Magic   | 4 5 6 7 9 |  9.6
Maces & Flails | 1 2 3 4 6 8 |  8.4
Dodging        | |  1.5
Stealth        | |  2.1
Spellcasting   | |  2.0
Conjurations   | |  1.1

Action                   |  1- 3 |  4- 6 |  7- 9 | 10-12 || total
-------------------------+-------+-------+-------+-------++-------
Melee: Short sword       |    94 |     6 |       |       ||   100
       Unarmed           |     1 |       |       |       ||     1
       Whip              |       |   139 |       |       ||   139
       Morningstar       |       |    75 |   174 |     5 ||   254
Throw: Stone             |     4 |       |       |       ||     4
 Cast: Sting             |    35 |     5 |    22 |     2 ||    64
       Olgreb's Toxic Ra |       |     9 |    22 |       ||    31
Invok: Recall Ancestor   |       |       |     3 |       ||     3
       Ancestor Identity |       |       |     1 |       ||     1
Evoke: Wand              |       |       |     7 |       ||     7
  Use: Scroll            |       |       |    13 |       ||    13
 Stab: Sleeping          |       |     2 |     1 |       ||     3
  Eat: Chunk             |     4 |    10 |    16 |       ||    30
       Ration            |       |       |     2 |       ||     2
Armor: Robe              |    44 |    81 |   101 |     2 ||   228
Dodge: Dodged            |   110 |   136 |   143 |     3 ||   392
